 Dungeon Crawl Stone Soup version 0.27-a0-1189-gb8eb6cee8e (webtiles) character file.

Game seed: 14774186625678904257

1211 armax the Shield-Bearer (level 8, -2/75 HPs)
             Began as a Deep Dwarf Fighter on May 22, 2021.
             Slain by a manticore (5 damage)
             ... on level 6 of the Dungeon.
             The game lasted 00:04:07 (3673 turns).

armax the Shield-Bearer (Deep Dwarf Fighter)        Turns: 3673, Time: 00:04:08

Health: -2/75      AC: 15    Str: 22    XL:     8   Next: 22%
Magic:  5/5        EV:  8    Int:  9    God:
Gold:   163        SH: 10    Dex: 12    Spells: 7/7 levels left

rFire    + . .     SeeInvis .   a - +0 war axe
rCold    . . .     Faith    .   c - +0 kite shield
rNeg     . . .     Spirit   .   q - +4 scale mail {rF+}
rPois    .         Reflect  .   B - +2 helmet
rElec    .         Harm     .   (no cloak)
rCorr    .         Rampage  .   n - +0 pair of gloves
Will     +....                  (no boots)
Stlth    ..........             j - amulet of the acrobat
HPRegen  0.00/turn              (no ring)
MPRegen  0.09/turn              (no ring)

@: no status effects
A: damage resistance, heal wounds, sense surroundings 1, no regeneration
a: Heal Wounds


You were on level 6 of the Dungeon.
You visited 2 branches of the dungeon, and saw 7 of its levels.
You also visited: Sewer.

You collected 373 gold pieces.
You spent 210 gold pieces at shops.

Inventory:

Hand Weapons
 a - a +0 war axe (weapon)
Missiles
 v - 7 atropa-tipped darts
 y - a throwing net
Armour
 c - a +0 kite shield (worn)
 n - a +0 pair of gloves (worn)
 q - a +4 scale mail of fire resistance (worn)
 B - a +2 helmet (worn)
Jewellery
 j - an amulet of the acrobat (around neck)
 o - a ring of ice
Wands
 l - a wand of charming (7)
Scrolls
 b - 3 scrolls of identify {@r1}
 e - 2 scrolls of noise {unknown}
 g - a scroll of immolation
 i - 3 scrolls of teleportation {@r3}
 k - a scroll of vulnerability {unknown}
 m - a scroll of blinking {unknown}
 r - 2 scrolls of amnesia {unknown}
 u - a scroll of summoning {unknown}
 A - a scroll of torment {unknown}
Potions
 d - a potion of might {@q3}
 f - a potion of flight {unknown}
 h - 2 potions of curing {@q1}
 p - a potion of ambrosia {unknown}
 s - a potion of invisibility {unknown}
 t - a potion of magic {unknown}
 w - a potion of resistance {unknown}
 x - a potion of heal wounds {unknown}
 z - a potion of berserk rage {unknown}


   Skills:
 * Level 5.4 Fighting
 * Level 6.2 Axes
 + Level 5.2 Armour
 * Level 6.6 Shields


You had 7 spell levels left.
You didn't know any spells.
Your spell library was empty.

Dungeon Overview and Level Annotations

Branches:
Dungeon (6/15)             Temple (1/1) D:5           Sewer (visited)

Altars:
Cheibriados
Gozag
Kikubaaqudgha
Nemelex Xobeh
Ru
Uskayaw
Vehumet
Wu Jian
Xom
Yredelemnul
Zin
The Shining One

Shops:
D:1 [   D:4 [   D:5 (


Innate Abilities, Weirdness & Mutations

You are resistant to damage.
You can heal yourself by infusing magical energy.
You passively map a small area around you.
You do not regenerate.


Message History

Done exploring.
(D) Dungeon (T) Temple
Where to? (Enter - D:7, ? - help)
You climb downwards.
There is a stone staircase leading up here.
Found 13 stones.
Found a stone staircase leading down.
You see here 13 stones.
Found a hand axe.
There is a stone staircase leading down here.
There is a stone staircase leading down here.
You now have 163 gold pieces (gained 20).
e - 2 scrolls labelled ESUKHL SUTUKARGH (gained 1)
Found an escape hatch in the floor.
A manticore comes into view.
The manticore moves out of view.
Found a fizzy pink potion.
The manticore flicks its tail.
The volley of spikes misses you.
Found a scroll of immolation.
You slash the manticore! The manticore bites you!
You block the manticore's attack. The manticore claws you!
You are too injured to fight recklessly!
You are too injured to fight recklessly!
You are too injured to fight recklessly!
You are too injured to fight recklessly!
You are too injured to fight recklessly!
You are too injured to fight recklessly!
You are too injured to fight recklessly!
You are too injured to fight recklessly!
You are too injured to fight recklessly!
You are too injured to fight recklessly!
You are too injured to fight recklessly!
You are too injured to fight recklessly!
You are too injured to fight recklessly!
You are too injured to fight recklessly!
You are too injured to fight recklessly!
You are too injured to fight recklessly!
You are too injured to fight recklessly!
You are too injured to fight recklessly!
You are too injured to fight recklessly!
You are too injured to fight recklessly!
You are too injured to fight recklessly!
Unknown command.
You hit the manticore but do no damage. You block the manticore's attack.
The manticore barely misses you. You block the manticore's attack.
You barely miss the manticore. You block the manticore's attack.
The manticore claws you. You block the manticore's attack.
You feel much better. The manticore bites you!
The manticore claws you but does no damage.
You block the manticore's attack.
You hit the manticore.
The manticore bites you but does no damage.
You block the manticore's attack.
The manticore claws you but does no damage.
The manticore completely misses you.
The manticore claws you but does no damage. x2
Your shield prevents you from hitting the manticore.
The manticore bites you!
The manticore claws you but does no damage.
The manticore claws you!
* * * LOW HITPOINT WARNING * * *
You hit the manticore.
The manticore bites you but does no damage.
The manticore claws you.
* * * LOW HITPOINT WARNING * * *
You block the manticore's attack. The manticore bites you.
* * * LOW HITPOINT WARNING * * *
The manticore claws you.
* * * LOW HITPOINT WARNING * * *
You block the manticore's attack.
You hit the manticore but do no damage.
The manticore bites you but does no damage.
You block the manticore's attack. x2
You slash the manticore! The manticore bites you.
* * * LOW HITPOINT WARNING * * *
The manticore claws you!
* * * LOW HITPOINT WARNING * * *
You block the manticore's attack.
You feel much better. You block the manticore's attack.
The manticore claws you but does no damage.
The manticore closely misses you.
You hit the manticore but do no damage. You block the manticore's attack.
The manticore closely misses you. x3; The manticore claws you!
* * * LOW HITPOINT WARNING * * *
The manticore barely misses you.
You closely miss the manticore. You block the manticore's attack. x2
The manticore closely misses you.
Your scale mail prevents you from hitting the manticore.
You block the manticore's attack. The manticore claws you.
* * * LOW HITPOINT WARNING * * *
The manticore claws you but does no damage.
The manticore closely misses you. You block the manticore's attack.
The manticore claws you.
* * * LOW HITPOINT WARNING * * *
You slash the manticore! The manticore closely misses you.
The manticore claws you!
* * * LOW HITPOINT WARNING * * *
The manticore claws you.
You die...

..###...#.# *.#* , , *
..# #.###.# #.# , * .<#
... .# #.# ,, ,
#.#.#...,.# #.# , , ,
#.......### #.#, , * ,
###.#.#..######>#* *
.#...........#* * *
.............######* *,
* #...........@....# ,
#...........#H.....# ,
+ ,,
#.#.....###.##.....#
,,* *,#.###.# #.#
.!..?. , ,..,, #.# #.#
#.... , , .
#.###.###############*
,,
#...........>......). ,
,
#####.#....#.########**
,,, * #.#....#.#


You could see a manticore.

Vanquished Creatures
  A troll (D:5)
  A water moccasin (Sewer)
  A necrophage (D:5)
  2 ogres (D:5)
  2 centaurs (D:5)
  A kobold brigand (D:6)
  A water moccasin zombie (D:5)
  An orc priest (D:5)
  3 hounds
  Jessica (D:2)
  Terence (D:3)
  An iguana (D:4)
  A hound skeleton (D:4)
  3 adders
  8 worms
  5 dart slugs
  5 orcs
  9 bats
  9 endoplasms
  2 giant cockroaches
  4 goblins
  8 hobgoblins
  9 quokkas
  9 ball pythons
  2 frilled lizards
  6 kobolds
  6 rats
102 creatures vanquished.

Notes
Turn   | Place    | Note
-------+----------+-------------------------------------------
     0 | D:1      | armax the Deep Dwarf Fighter began the quest for the Orb.
     0 | D:1      | Reached XP level 1. HP: 20/20 MP: 1/1
   115 | D:1      | Reached XP level 2. HP: 20/27 MP: 2/2
   174 | D:1      | Found Vonnumiy's Antique Armour Boutique.
   495 | D:2      | Reached XP level 3. HP: 17/34 MP: 3/3
   583 | D:2      | Noticed Jessica
   588 | D:2      | Killed Jessica
   589 | D:2      | Reached XP level 4. HP: 33/42 MP: 3/3
  1285 | D:3      | Noticed Terence
  1296 | D:3      | Killed Terence
  1297 | D:3      | Reached XP level 5. HP: 32/49 MP: 4/4
  1327 | D:3      | Noticed a +0 spear
  1327 | D:3      | Noticed a +0 short sword
  1327 | D:3      | Noticed a +0 spear
  1328 | D:3      | Noticed a +0 dagger
  1329 | D:3      | Noticed a +0 falchion
  1329 | D:3      | Noticed a +0 dagger
  1330 | D:3      | Noticed a +0 falchion
  1330 | D:3      | Noticed a +0 short sword
  1331 | D:3      | Found a hide-covered altar of Uskayaw.
  1601 | D:3      | Found a faded altar of an unknown god.
  1710 | D:3      | Found an ancient bone altar of Kikubaaqudgha.
  1986 | D:4      | Found Quagu's Antique Armour Boutique.
  2411 | D:4      | Reached XP level 6. HP: 38/57 MP: 4/4
  2501 | D:5      | Entered Level 5 of the Dungeon
  2522 | D:5      | Noticed a troll
  2540 | D:5      | Killed a troll
  2541 | D:5      | Reached skill level 5 in Shields
  2554 | D:5      | Found Hovomas Ina's Weapon Shop.
  2632 | D:5      | Reached XP level 7. HP: 24/66 MP: 5/5
  2634 | D:5      | Reached skill level 5 in Axes
  2688 | D:5      | Found a glowing drain.
  2708 | Sewer    | Entered a sewer
  2933 | D:5      | Reached skill level 5 in Fighting
  2949 | D:5      | Reached skill level 5 in Armour
  3049 | D:5      | Reached XP level 8. HP: 44/74 MP: 5/5
  3184 | D:5      | Found a staircase to the Ecumenical Temple.
  3195 | Temple   | Entered the Ecumenical Temple
  3570 | D:4      | Bought a runed helmet for 210 gold pieces
  3656 | D:6      | Noticed a manticore
  3673 | D:6      | HP: 3/75 [manticore (8)]
  3673 | D:6      | Slain by a manticore

Illustrated notes

Levels and vault maps discovered:
D:1:      matt_arrival_refuge, layout_rooms, serial_shops, shop_fountains,
          minmay_small_reverse_x
D:2:      layout_rooms, grunt_ministairs_6, uniq_jessica
D:3:      layout_basic, nicolae_uskayaw_en_pointe, lemuel_crystal_altar,
          shapermc_ecumenical_altar_totnotflames, uniq_terence
D:4:      layout_loops_ring, serial_shops, nicolae_shop_stone
D:5:      layout_loops_ring, minmay_temple_entry_butterflies,
          portal_sewer_entry_b, serial_shops, shop
D:6:      minmay_opposing_rooms, layout_basic, minmay_misc_feat_ornament,
          kennysheep_path_1, lightli_corner_chamber
Temple:   zaba_magenta_temple

Skill      XL: |  1  2  3  4  5  6  7  8 |
---------------+-------------------------+-----
Fighting       | 3 4 5 |  5.4
Axes           | 3 4 5 6 |  6.2
Shields        | 4 5 6 |  6.6
Armour         | 4 5 |  5.2

Action                   |  1- 3 |  4- 6 |  7- 9 || total
-------------------------+-------+-------+-------++-------
Melee: War axe           |    81 |   143 |   126 ||   350
 Abil: Heal Wounds       |     1 |     5 |     5 ||    11
  Use: Scroll            |       |       |     3 ||     3
Armor: Scale mail        |    43 |    77 |    86 ||   206
Dodge: Dodged            |    35 |    51 |    74 ||   160
Block: Kite shield       |    54 |    79 |   116 ||   249

Table legend: (Time is in decaauts)
 A = Elapsed time spent in this place.
 B = Non-inter-level travel time spent in this place.
 C = Inter-level travel time spent in this place.
 D = Time resting spent in this place.
 E = Time spent auto-exploring this place.
 F = Levels seen in this place.
 G = Mean time per level.
                   A        B        C        D        E       F      G
               +--------+--------+--------+--------+--------+-----+--------+
         Total |   3858 |   3584 |    274 |      0 |   2721 |   8 |  482.2 |
       Dungeon |   3642 |   3386 |    256 |      0 |   2612 |   6 |  607.0 |
        Temple |     73 |     55 |     18 |      0 |     54 |   1 |   73.0 |
         Sewer |    142 |    142 |      0 |      0 |     55 |   1 |  142.0 |
               +--------+--------+--------+--------+--------+-----+--------+

Top non-repeatable levels by time:
     D:5: 845 daAuts
     D:3: 766 daAuts
     D:4: 723 daAuts
     D:2: 653 daAuts
     D:1: 525 daAuts
   Sewer: 142 daAuts
     D:6: 128 daAuts
  Temple: 73 daAuts
